 Dungeon Crawl Stone Soup version 0.20-a0-303-g575bbf7 (webtiles) character file.

2998 PurpleRed the Chiller (level 9, -1/57 HPs)
             Began as a Demonspawn Ice Elementalist on Dec 17, 2016.
             Was a Follower of Vehumet.
             Shot with a sling bullet by Joseph (13 damage)
             ... on level 7 of the Dungeon.
             The game lasted 00:42:33 (11073 turns).

PurpleRed the Chiller (DsIE)                       Turns: 11073, Time: 00:42:34

Health: -1/57      AC:  5    Str:  9    XL:     9   Next: 54%
Magic:  11/20      EV: 12    Int: 19    God:    Vehumet [*.....]
Gold:   221        SH:  0    Dex: 14    Spells: 8/22 levels left

rFire  . . .     SeeInvis .     p - +1 dagger (venom)
rCold  + . .     Gourm    .     y - +0 robe {rC+}
rNeg   . . .     Faith    .     (no shield)
rPois  .         Spirit   .     j - +0 hat
rElec  .         Reflect  .     (no cloak)
rCorr  .         Harm     .     (no gloves)
MR     .....                    (no boots)
Stlth  ++........               (no amulet)
                                (no ring)
                                h - ring of wizardry

@: no status effects
A: hooves 2, yellow scales 2
a: Renounce Religion


You were on level 7 of the Dungeon.
You worshipped Vehumet.
Vehumet was aware of your devotion.
You were hungry.

You visited 2 branches of the dungeon, and saw 8 of its levels.
You also visited: Sewer.

You collected 221 gold pieces.

Inventory:

Hand Weapons
 p - a +1 dagger of venom (weapon)
 w - a +0 long sword
 z - a +0 hand axe of venom
Missiles
 B - a throwing net (quivered)
Armour
 j - a +0 hat (worn)
 y - a +0 robe of cold resistance (worn)
Magical Staves
 D - an uncursed staff of death
Jewellery
 h - a ring of wizardry (left hand)
 m - an uncursed ring of fire
 E - the ring of Usomn {rN++ MP-9 Str+5 Int+3}
   (You found it on level 5 of the Dungeon)

   [ring of intelligence]

   It affects your strength (+5).
   It affects your intelligence (+3).
   It greatly protects you from negative energy.
   It affects your magic capacity (-9).
Wands
 G - a wand of random effects (42/48)
Scrolls
 i - 2 scrolls of fog
 k - 4 scrolls of remove curse
 r - 2 scrolls of recharging
 A - 2 scrolls of teleportation
 C - a scroll of magic mapping
Potions
 d - a potion of cancellation
 e - a potion of agility {unknown}
 g - 5 potions of curing
 n - a potion of ambrosia
 o - 4 potions of berserk rage
 q - 7 potions of flight
 t - 2 potions of brilliance
 u - 4 potions of magic
 v - 2 potions of haste
 x - 2 potions of heal wounds {unknown}
Books
 b - a book of Frost

   Spells                             Type                      Level
   a - Freeze                         Ice                          1
   b - Throw Frost                    Conjuration/Ice              2
   c - Ozocubu's Armour               Charms/Ice                   3
   d - Throw Icicle                   Conjuration/Ice              4
   e - Summon Ice Beast               Ice/Summoning                4
 s - a book of Callings

   Spells                             Type                      Level
   a - Summon Small Mammal            Summoning                    1
   b - Call Imp                       Summoning                    2
   c - Call Canine Familiar           Summoning                    3
   d - Summon Guardian Golem          Hexes/Summoning              3
   e - Summon Lightning Spire         Summoning/Air                4
   f - Summon Ice Beast               Ice/Summoning                4
Comestibles
 a - 2 chunks of flesh
 c - 2 bread rations
 f - 5 meat rations


   Skills:
 - Level 1.7 Dodging
 - Level 1.7 Stealth
 + Level 7.4 Spellcasting
 + Level 6.7 Conjurations
 - Level 2.9 Summonings
 + Level 7.6 Ice Magic


You had 8 spell levels left.
You knew the following spells:

 Your Spells              Type           Power        Failure   Level  Hunger
a - Freeze                Ice            ####         1%          1    None
b - Throw Frost           Conj/Ice       ####..       1%          2    None
c - Ozocubu's Armour      Chrm/Ice       ###.....     3%          3    #......
d - Throw Icicle          Conj/Ice       ####....     2%          4    ###....
e - Summon Ice Beast      Ice/Summ       ####....     4%          4    ###....


Dungeon Overview and Level Annotations

Branches:
Dungeon (7/15)             Temple (1/1) D:5

Altars:
Ashenzari
Cheibriados
Dithmenos
Elyvilon
Fedhas
Gozag
Makhleb
Nemelex Xobeh
Okawaru
Qazlal
Ru
Sif Muna
Trog
Uskayaw
Vehumet
Xom
Yredelemnul
Zin
The Shining One

Shops:
D:5 (   D:6 :[[

Annotations:
D:7 Joseph


Innate Abilities, Weirdness & Mutations

You have hoof-like feet.
You are mostly covered in yellow scales. (AC +3)


Message History

Joseph unwields an uncursed hunting sling.
Joseph wields an uncursed quarterstaff.
Joseph hits your ice beast with an uncursed quarterstaff.
Your ice beast barely misses Joseph.
Joseph hits your ice beast with an uncursed quarterstaff!
Your ice beast dies!
Joseph unwields an uncursed quarterstaff.
Joseph wields an uncursed hunting sling.
Joseph shoots a sling bullet.
The sling bullet hits you!
You see here 2 sling bullets.
Joseph shoots a sling bullet.
The sling bullet hits you.
You see here a sling bullet.
Joseph shoots a sling bullet.
The sling bullet misses you.
You see here a sling bullet.
Joseph smiles happily.
Joseph shoots a sling bullet.
The sling bullet hits you!
* * * LOW HITPOINT WARNING * * *
You see here a sling bullet.
Joseph shoots a sling bullet.
The sling bullet hits you!
You die...

#.# ...... # #.##....# .#
##.#.....# ###. #....# #..
###...## ###.###...#.# #.#
#####...<...###.# #[#
#...(...##### #.### #.#
#....)..##### #.@.### #.#
#....<......#####...## #.#
#......<###.....[.#..###.#
#.......#
#######....(##.###
######.## #####..@..(###
#.# #.##.#.@.# #.#
#....###(#### #.# ###.(#
#(@... #.# #..# ######


You could see Joseph.

Vanquished Creatures
  A hungry ghost (D:7)
  An ice beast (D:5)
  2 orc warriors (D:6)
  A sky beast (D:6)
  A phantom (D:4)
  4 ogres
  2 centaurs
  The ghost of smazza the Firebug, an amateur HuFE (D:3)
  3 big kobolds (Sewer)
  2 scorpions
  A howler monkey (D:4)
  3 crimson imps (D:6)
  A jelly (D:5)
  A gnoll shaman (D:3)
  4 orc priests
  2 centaur skeletons (D:6)
  3 hounds (D:6)
  3 iguanas
  6 orc wizards
  A worker ant (D:5)
  A hound skeleton (D:5)
  2 howler monkey skeletons
  14 gnolls
  15 adders
  5 river rats
  2 shadow imps (D:6)
  3 oozes
  An adder skeleton (D:7)
  9 worms
  3 dart slugs
  8 leopard geckos
  19 orcs
  8 bats
  5 giant cockroaches
  5 goblins
  9 hobgoblins
  5 quokkas
  3 ball pythons (Sewer)
  A ball python skeleton (D:4)
  4 frilled lizards
  11 kobolds
  9 rats
185 creatures vanquished.

Vanquished Creatures (collateral kills)
  The ghost of bombasticus the Carver, a novice MiBe of Trog (D:6)
1 creature vanquished.

Grand Total: 186 creatures vanquished

Notes
Turn   | Place    | Note
-------+----------+-------------------------------------------
     0 | D:1      | PurpleRed the Demonspawn Ice Elementalist began the quest for the Orb.
     0 | D:1      | Reached XP level 1. HP: 13/13 MP: 3/3
   272 | D:1      | Gained mutation: You have large cloven feet. [demonic ancestry]
   272 | D:1      | Reached XP level 2. HP: 15/19 MP: 3/5
   333 | D:1      | Learned a level 2 spell: Throw Frost
   869 | D:2      | Reached XP level 3. HP: 24/24 MP: 2/7
  1057 | D:2      | Found a shimmering altar of Xom.
  1058 | D:2      | Found a white marble altar of Elyvilon.
  1059 | D:2      | Found an iron altar of Okawaru.
  1059 | D:2      | Found a burning altar of Makhleb.
  1831 | D:3      | Noticed smazza's ghost (amateur HuFE)
  1962 | D:3      | Found a glowing silver altar of Zin.
  1962 | D:3      | Found a shattered altar of Ashenzari.
  2026 | D:3      | Reached XP level 4. HP: 16/30 MP: 3/8
  2344 | D:3      | Found a glowing drain.
  2391 | Sewer    | Entered a sewer
  2403 | Sewer    | Reached XP level 5. HP: 12/35 MP: 6/10
  2506 | Sewer    | Learned a level 3 spell: Ozocubu's Armour
  2511 | Sewer    | Learned a level 4 spell: Throw Icicle
  3216 | Sewer    | Gained mutation: You are partially covered in yellow scales. (AC +2) [demonic ancestry]
  3216 | Sewer    | Reached XP level 6. HP: 39/41 MP: 7/12
  3507 | D:3      | Killed smazza's ghost
  3512 | D:3      | Gained mutation: You have hoof-like feet. [demonic ancestry]
  3512 | D:3      | Reached XP level 7. HP: 32/46 MP: 0/14
  4375 | D:3      | Learned a level 4 spell: Summon Ice Beast
  4487 | D:4      | Reached skill level 5 in Ice Magic
  4861 | D:4      | Reached skill level 5 in Spellcasting
  5370 | D:4      | Reached skill level 5 in Conjurations
  5555 | D:4      | Reached XP level 8. HP: 51/52 MP: 12/16
  6236 | D:5      | Entered Level 5 of the Dungeon
  6288 | D:5      | Found a staircase to the Ecumenical Temple.
  6353 | Temple   | Entered the Ecumenical Temple
  6603 | Temple   | Became a worshipper of Vehumet
  6915 | D:5      | Found Elaumy's Weapon Shoppe.
  7162 | D:5      | Found a blossoming altar of Fedhas.
  7168 | D:5      | Got a pitted golden ring
  7400 | D:5      | Identified the ring of Usomn {rN++ MP-9 Str+5 Int+3} (You found it on level 5 of the Dungeon)
  7910 | D:6      | Found Egoiso Vota's Book Shoppe.
  7980 | D:6      | Reached skill level 1 in Summonings
  8077 | D:6      | Found Daylagg's Armour Emporium.
  8230 | D:6      | Found Nagh's Antique Armour Emporium.
  8476 | D:6      | Noticed bombasticus's ghost (novice MiBe)
  9041 | D:6      | Gained mutation: You are mostly covered in yellow scales. (AC +3) [demonic ancestry]
  9041 | D:6      | Reached XP level 9. HP: 53/57 MP: 15/18
  9094 | D:6      | Reached * piety under Vehumet
  9094 | D:6      | Offered knowledge of Magic Dart by Vehumet.
  9366 | D:6      | Killed bombasticus's ghost
 11051 | D:7      | Noticed Joseph
 11073 | D:7      | Shot with a sling bullet by Joseph

Vault maps used:
D:1:      saegor_arrival_simple_e
D:2:      chequers_temple_overflow_statue_of_worship, first_bread
D:3:      gammafunk_temple_overflow_elements, gup_sewer_entry_spiral
D:5:      serial_shops, shop_statue, fedhas_bush_and_centaur_altar
D:6:      serial_shops, nicolae_shop_waterfront, shop, shop
D:7:      lemuel_crystal_altar, grunt_livestock, minmay_ruffians, uniq_joseph
Temple:   dshaligram_water_room_temple
Sewer:    sewer_co_15_rooms

Skill      XL: |  1  2  3  4  5  6  7  8  9 |
---------------+----------------------------+-----
Ice Magic      | 3 4 5 6 7 |  7.6
Spellcasting   | 3 4 5 6 7 |  7.4
Conjurations   | 2 3 5 6 |  6.7
Summonings     | 2 |  2.9
Dodging        | |  1.7
Stealth        | |  1.7

Action                   |  1- 3 |  4- 6 |  7- 9 || total
-------------------------+-------+-------+-------++-------
Melee: Dagger            |       |    31 |   193 ||   224
       Kick              |       |     4 |    65 ||    69
       Long sword        |       |       |    33 ||    33
 Cast: Freeze            |    74 |    90 |   163 ||   327
       Throw Frost       |     4 |     2 |     2 ||     8
       Throw Icicle      |       |       |    36 ||    36
       Ozocubu's Armour  |       |       |     7 ||     7
       Summon Ice Beast  |       |       |     9 ||     9
  Use: Scroll            |     5 |     4 |     6 ||    15
       Potion            |       |     3 |     1 ||     4
 Stab: Sleeping          |       |       |     3 ||     3
  Eat: Chunk             |     3 |     5 |    25 ||    33
       Bread ration      |       |       |     2 ||     2
Armor: Robe              |     4 |    20 |    76 ||   100
Dodge: Dodged            |    37 |    68 |   191 ||   296
       Rpst.: Long sword |       |       |     5 ||     5
